cohdb
Replays
Latest Replays
All Replays
Popular Replays
Top Player Replays
Match Explorer
How It Works
Community
CoH3 Stats
Reddit
Sign in to upload your games and track your stats! →
Sign in with Steam
Match 43147407
Unlisted
Match 43147407
Overview
Messages
Build Orders
End
Construct Infanterie Kompanie
Kettenkrad Recon Vehicle
Selects Mechanized Battlegroup
MG 42 Machine Gun Team
Grenadier Squad
Grenadier Squad
GrW 34 Mortar Team
Construct Panzergrenadier Kompanie
251 Medium Carrier
Selects Mobile Repair Stations
Pak 40 Anti-tank Gun Team
Selects Raid Package
Selects StuG Assault Group
StuG Assault Group
Pioneer Squad
Selects UNKNOWN (2160084)
Construct Panzer Kompanie
Pioneer Squad
Panther Heavy Tank
Panther Heavy Tank
Selects Wespe Self-propelled Artillery
Selects Zeroing Artillery Barrage
Zeroing Artillery Barrage
MysteryRanch79
SOPRO
Nukepapa
ro
0
0
Comments
sign in to comment!
No comments posted yet!